 Dungeon Crawl Stone Soup version 0.17-a0-1382-gc46a074 (webtiles) character file.

79 Zwobot the Vexing (level 3, -1/26 HPs)
             Began as a Demigod Enchanter on June 15, 2015.
             Slain by Sigmund
             ... wielding a +0 scythe
              (11 damage)
             ... on level 2 of the Dungeon.
             The game lasted 00:05:36 (1601 turns).

Zwobot the Vexing (Demigod Enchanter)               Turns: 1601, Time: 00:05:37

Health: -1/26      AC:  4    Str: 11    XL:     3   Next: 97%
Magic:  2/8        EV: 12    Int: 21    God:
Gold:   95         SH:  0    Dex: 16    Spells: 2 memorised, 3 levels left

rFire  . . .     SeeInvis .     a - +1 dagger
rCold  . . .     Clarity  .     b - +2 robe
rNeg   . . .     SustAt   +     (no shield)
rPois  .         Gourm    .     (no helmet)
rElec  .         Spirit   .     (no cloak)
rCorr  .         Warding  .     (no gloves)
rMut   .         Stasis   .     (no boots)
MR     .....                    (no amulet)
Stlth  ++........               (no ring)
                                (no ring)

@: very slightly contaminated, not resistant to hostile enchantments, unstealthy
A: high mp 1, sustain attributes
a: no special abilities


You were on level 2 of the Dungeon.
You were not hungry.

You visited 1 branch of the dungeon, and saw 2 of its levels.

You collected 95 gold pieces.

Inventory:

Hand weapons
 a - a +1 dagger (weapon)
Missiles
 l - 46 stones (quivered)
Armour
 b - a +2 robe (worn)
Scrolls
 j - 2 scrolls of remove curse
Potions
 e - a potion of lignification {unknown}
 k - 3 potions of flight {unknown}
Books
 c - a book of Maledictions

   Spells                             Type                      Level
   a - Corona                         Hexes                        1
   b - Ensorcelled Hibernation        Hexes/Ice                    2
   c - Confuse                        Hexes                        3
   d - Tukima's Dance                 Hexes                        3
   e - Dazzling Spray                 Conjuration/Hexes            3
Comestibles
 d - a bread ration {@e1}
 i - 4 meat rations {@e2}


   Skills:
 + Level 2.2 Short Blades
 - Level 1.7 Dodging
 - Level 2.6 Stealth
 + Level 2.0 Spellcasting
 * Level 3.8 Hexes


You had 3 spell levels left.
You knew the following spells:

 Your Spells              Type           Power        Failure   Level  Hunger
a - Corona                Hex            ###....      3%          1    #......
b - Ensorcelled Hibernat  Hex/Ice        ##....       12%         2    ##.....


Dungeon Overview and Level Annotations

Branches:
Dungeon (2/15)

Annotations:
D:2 Sigmund


Innate Abilities, Weirdness & Mutations

You have an increased reservoir of magic (+10% MP).
Your attributes are resistant to harm.


Message History

You now have 6/8 mp.
The helpless Sigmund fails to defend himself.
You puncture Sigmund!
Aim: Sigmund, wielding a scythe and wearing a robe (heavily wounded, chance to defeat MR: 50%)
You miscast Ensorcelled Hibernation.
You are very lightly contaminated with residual magic.
You feel a bit tired. Sigmund closely misses you.
You now have 4/8 mp.
Aim: Sigmund, wielding a scythe and wearing a robe (heavily wounded, chance to defeat MR: 65%) Sigmund barely resists.
Sigmund barely misses you.
You now have 3/8 mp.
Aim: Sigmund, wielding a scythe and wearing a robe (heavily wounded, chance to defeat MR: 65%) Sigmund is outlined in light.
You now have 2/8 mp.
You barely miss Sigmund. Sigmund hits you with a scythe.
You take 6 damage, and have 10/26 hp.
MASSIVE DAMAGE!!
You hit Sigmund but do no damage. Sigmund barely misses you.
You hit Sigmund. You hit Sigmund. Sigmund hits you with a scythe!
You die...

####....>. #....?#.#
..######.....#@#
.......#.###.#.#
...>....#.##...
.......#.#.....# .
..######.#.#.### ...
##.#.#.####..... ..
#.@@..........# ...
#.##)##.#####.# b..###
#.##.##........ ....!.
#.##.......##.#
..$...##.#####.##.##.#..
##.............##.......
# ........%............#
### #......#####........#
..##
###.........##.######....


You could see Sigmund.

Vanquished Creatures
  6 adders (D:2)
  An ooze (D:1)
  A worm (D:2)
  3 giant cockroaches
  3 goblins (D:1)
  5 hobgoblins
  2 kobolds (D:1)
  2 giant newts
  5 rats (D:1)
28 creatures vanquished.

Notes
Turn   | Place    | Note
--------------------------------------------------------------
     0 | D:1      | Zwobot the Demigod Enchanter began the quest for the Orb.
     0 | D:1      | Reached XP level 1. HP: 14/14 MP: 5/5
    14 | D:1      | Reached skill level 1 in Short Blades
   110 | D:2      | Reached skill level 3 in Hexes
   110 | D:2      | Reached XP level 2. HP: 20/20 MP: 7/7
   116 | D:2      | Learned a level 2 spell: Ensorcelled Hibernation
  1013 | D:2      | Reached XP level 3. HP: 24/26 MP: 5/8
  1071 | D:2      | Found a shattered altar of Ashenzari.
  1129 | D:2      | Noticed a phantom
  1373 | D:2      | Noticed Sigmund
  1601 | D:2      | Slain by Sigmund

Vault maps used:
D:1:      sevenhm_arrival_forest_fort_small_4, kennysheep_pointless_box,
          minmay_misc_feat_hallway
D:2:      nicolae_ashenzari_panopticon, grunt_decor_cap,
          small_statue_intersection, lightli_corner_chamber, uniq_sigmund

Action                   || total
-------------------------++-------
Melee: Dagger            ||    52
 Cast: Corona            ||     5
       Ensorcelled Hiber ||    23
  Use: Scroll            ||     2
 Stab: Sleeping          ||    23
  Eat: Chunk             ||     3
       Beef jerky        ||     1
